 Dungeon Crawl Stone Soup version 0.28.0-53-g5a82cb258f (webtiles) character file.

Game seed: 17762161581700436757

74 LustLizard the Chopper (level 4, -1/40 HPs)
             Began as a Minotaur Berserker on June 28, 2022.
             Was a Believer of Trog.
             Killed from afar by Terence (14 damage)
             ... with a puff of flame
             ... on level 2 of the Dungeon.
             The game lasted 00:04:21 (1254 turns).

LustLizard the Chopper (Minotaur Berserker)         Turns: 1254, Time: 00:04:22

Health: -1/40      AC:  2    Str: 24    XL:     4   Next: 9%
Magic:  3/3        EV: 12    Int:  4    God:    Trog [**....]
Gold:   67         SH:  0    Dex:  9    Spells: 3/3 levels left

rFire   . . .      SeeInvis .   a - +0 hand axe
rCold   . . .      Faith    .   (no shield)
rNeg    . . .      Spirit   .   b - +0 animal skin
rPois   .          Reflect  .   (helmet restricted)
rElec   .          Harm     .   (no cloak)
rCorr   .          Rampage  .   (no gloves)
Will    .....                   (no boots)
Stlth   +.........              (no amulet)
HPRegen 0.13/turn               (no ring)
MPRegen 0.08/turn               (no ring)

@: no status effects
A: horns 2, retaliatory headbutt
a: Renounce Religion, Berserk, Trog's Hand


You were on level 2 of the Dungeon.
You worshipped Trog.
Trog was pleased with you.
You visited 1 branch of the dungeon, and saw 2 of its levels.

You collected 67 gold pieces.

Inventory:

Hand Weapons
 a - a +0 hand axe (weapon)
Missiles
 d - 22 stones (quivered)
Armour
 b - a +0 animal skin (worn)
Jewellery
 c - an amulet of reflection
Scrolls
 e - a scroll of blinking {unknown}
 f - a scroll of magic mapping {unknown}


   Skills:
 + Level 4.2 Fighting
 * Level 4.8 Axes
 * Level 1.6 Throwing
 - Level 2.8 Armour
 - Level 2.1 Dodging


You had 3 spell levels left.
You didn't know any spells.
Your spell library was empty.

Dungeon Overview and Level Annotations

Branches:
Dungeon (2/15)

Altars:

Annotations:
D:2 Terence


Innate Abilities, Weirdness & Mutations

You have a pair of horns on your head.
You reflexively headbutt those who attack you in melee.


Message History

The endoplasm quivers.
You hit the endoplasm. You headbutt the endoplasm.
You kill the endoplasm!
Trog accepts your kill.
You hit the rat.
You kill the rat!
Trog accepts your kill.
You see here a rat corpse.
You hit the worm. You headbutt the worm.
The worm is moderately wounded.
You hit the worm. You headbutt the worm.
The worm is heavily wounded.
The worm bites you!
You hit the worm. You punch the worm, but do no damage.
The worm is heavily wounded.
The worm closely misses you.
You hit the worm. You headbutt the worm.
You kill the worm!
Trog accepts your kill.
A ball python comes into view.
The ball python hisses angrily.
You barely miss the ball python. Your headbutt misses the ball python.
The ball python bites you but does no damage.
The ball python grabs you. The ball python constricts you.
You slash the ball python!
You kill the ball python!
Trog accepts your kill.
Terence the Incautious comes into view.
He is wielding a +0 trident and carrying a wand of flame (16).
Terence shouts!
Terence zaps a wand.
The puff of flame hits you!
You start putting on your amulet.
You continue putting on your amulet of reflection. x3
Terence zaps a wand.
Keep equipping yourself?
You stop putting on your amulet.
The puff of flame hits you!
Terence zaps a wand.
The puff of flame hits you!
* * * LOW HITPOINT WARNING * * *
You hit Terence but do no damage.
Terence zaps a wand.
The puff of flame hits you!
You die...

#.......# ###.......#
..........#
.........# #.......#
#.......# #.......#
##@##.### ## #..@..#
#. #.....# ##
########.....### #.
...............# #.
......#†.......# #.
[.... #......### #.
w... #......# #. ...
#.##..##############.
..
#)##............#....


You could see Terence.

Vanquished Creatures
  Jessica (D:2)
  An adder (D:2)
  A worm (D:2)
  3 dart slugs (D:1)
  6 endoplasms
  2 giant cockroaches (D:1)
  3 hobgoblins
  3 kobolds
  2 quokkas
  A ball python (D:2)
  2 bats (D:1)
  A frilled lizard (D:1)
  3 rats
29 creatures vanquished.

Notes
Turn   | Place    | Note
-------+----------+-------------------------------------------
     0 | D:1      | LustLizard the Minotaur Berserker began the quest for the
                  | Orb.
     0 | D:1      | Reached XP level 1. HP: 19/19 MP: 0/0
   175 | D:1      | Reached XP level 2. HP: 27/27 MP: 1/1
   781 | D:1      | Found a faded altar of an unknown god.
   864 | D:2      | Noticed Jessica
   870 | D:2      | Killed Jessica
   871 | D:2      | Reached skill level 1 in Throwing
   871 | D:2      | Reached XP level 3. HP: 32/33 MP: 2/2
   904 | D:2      | Reached ** piety under Trog
  1067 | D:2      | Reached XP level 4. HP: 35/40 MP: 3/3
  1241 | D:2      | Noticed Terence
  1254 | D:2      | Killed from afar by Terence

Illustrated notes

Levels and vault maps discovered:
D:1:      dpeg_arrival_arbitrary_c, layout_loops_ring,
          chequers_ecumenical_altar_grove, minmay_pentomino_r2
D:2:      layout_basic, chequers_serial_rivers_small_b, uniq_terence,
          uniq_crazy_yiuf_cottage, uniq_jessica

Skill      XL: |  1  2 |
---------------+-------+-----
Axes           | 4 |  4.8
Fighting       | 4 |  4.2
Throwing       | 1 |  1.6
Armour         | |  2.8
Dodging        | |  2.1

Action                   |  1- 3 |  4- 6 || total
-------------------------+-------+-------++-------
Melee: Hand axe          |    59 |     9 ||    68
       Punch             |     2 |     1 ||     3
       Headbutt          |     6 |     4 ||    10
Throw: Stone             |     1 |       ||     1
Armor: Animal skin       |     6 |     1 ||     7
Dodge: Dodged            |    28 |     1 ||    29
